 Dungeon Crawl Stone Soup version 0.22-a0-282-gdd34a7dfb5 (webtiles) character file.

959 Manul the Covert (level 8, -4/52 HPs)
             Began as an Octopode Assassin on Mar 18, 2018.
             Slain by an ice beast (11 damage)
             ... on level 4 of the Dungeon.
             The game lasted 00:07:40 (6083 turns).

Manul the Covert (Octopode Assassin)                Turns: 6083, Time: 00:07:40

Health: -4/52      AC: 10    Str: 10    XL:     8   Next: 14%
Magic:  8/8        EV: 14    Int: 13    God:
Gold:   256        SH:  7    Dex: 16    Spells: 4/7 levels left

rFire    . . .     SeeInvis +   u - +1 dagger (protect)
rCold    . . .     Gourm    .   t - +2 buckler
rNeg     . . .     Faith    .   (helmet restricted)
rPois    .         Spirit   .   (no amulet)
rElec    .         Reflect  .   (no ring)
rCorr    .         Harm     .   (no ring)
MR       .....     Rnd*Rage +   (no ring)
Stlth    ++++++....             (no ring)
HPRegen  0.17/turn              (no ring)
MPRegen  0.11/turn              (no ring)
                                (no ring)
                                (no ring)

@: protection aura
A: almost no armour, stealthy swim, amphibious, 8 rings, constrict 8, iridescent
scales 1, camouflage 1, see invisible, berserk 1, wild magic 1, gelatinous body
1
a: no special abilities


You were on level 4 of the Dungeon.
You were not hungry.

You visited 1 branch of the dungeon, and saw 5 of its levels.

You collected 352 gold pieces.
You spent 96 gold pieces at shops.

Inventory:

Hand Weapons
 a - a +2 dagger
 b - a +0 blowgun
 d - a +0 scythe
 u - a +1 dagger of protection (weapon)
 C - a +0 rapier
Missiles
 c - 24 poisoned needles
 o - a curare-tipped needle
Armour
 g - a +0 buckler
 t - a +2 buckler (worn)
Wands
 y - a wand of flame (21)
Scrolls
 e - 9 scrolls of identify {unknown}
 i - 2 scrolls of random uselessness {unknown}
 j - 3 scrolls of enchant armour
 m - 2 scrolls of remove curse
 n - a scroll of enchant weapon {unknown}
 q - a scroll of amnesia {unknown}
 v - a scroll of fog {unknown}
 w - a scroll of noise {unknown}
 x - a scroll of fear
 A - a scroll of teleportation
Potions
 h - 2 potions of mutation
 k - 2 potions of flight {unknown}
 l - a potion of degeneration {unknown}
 p - 3 potions of haste {unknown}
 r - a potion of berserk rage {unknown}
 s - a potion of agility {unknown}
 z - a potion of ambrosia {unknown}
Comestibles
 f - 8 rations
 B - 3 chunks of flesh


   Skills:
 + Level 3.2 Fighting
 + Level 4.7 Short Blades
 - Level 2.0 Throwing
 + Level 2.8 Dodging
 * Level 10.5 Stealth
 * Level 2.4 Shields


You had 4 spell levels left.
You knew the following spells:

 Your Spells              Type           Power        Failure   Level  Hunger
a - Confuse               Hex            #.......     82%         3    ####...


Dungeon Overview and Level Annotations

Branches:
Dungeon (5/15)
 Temple: D:4-7

Altars:
Fedhas
Qazlal

Shops:
D:4 :![

Annotations:
D:3 Psiweapon's ghost, weakling KoHu


Innate Abilities, Weirdness & Mutations

You cannot wear most types of armour.
You are very stealthy in the water. (Stealth+)
You are amphibious.
You can wear up to eight rings at the same time.
You can use your tentacles to constrict eight enemies at once.
Your skin changes colour to match your surroundings (Stealth+).
Your rubbery body absorbs attacks. (AC +1, EV +1)
You are partially covered in iridescent scales. (AC +2)
You have supernaturally acute eyesight. (SInv)
You tend to lose your temper in combat.
Your spells are a little harder to cast, but a little more powerful.


Message History

The ice beast is heavily wounded.
The ice beast closely misses you.
You hit the ice beast but do no damage.
The ice beast is heavily wounded.
The ice beast misses you.
You hit the ice beast but do no damage. You squeeze the ice beast.
The ice beast is heavily wounded.
The ice beast hits you. The ice beast freezes you!
* * * LOW HITPOINT WARNING * * *
Okay, then.
Evoke which item? (* to show all) (? for menu, Esc to quit)
Aiming: Throw Flame
Press: ? - help, Shift-Dir - straight line, f - ice beast
Aim: an ice beast (heavily wounded)
The puff of flame hits the ice beast.
The ice beast melts!
The ice beast is almost dead.
The ice beast hits you.
* * * LOW HITPOINT WARNING * * *
The ice beast freezes you!
You die...

#.≈..≈..≈..≈.# #..
##..≈..≈≈..≈..## #..
#...########...# ##.
##..##.8..8.##..## #..
#.≈##........##..# ##.
##.##..#####...##.## ##.
#..#..##.≈≈.##..#..# #..
#.##.##≈....≈##.)#.# #..
#.#..#..#@⌠#..#..#.# #..
#.#..#..#Y.#..#..#)######.
#.##.##≈....≈##.##.#.....#
#..#.)##.§≈.##..#..#...#..
##.##..######..##.##...#..
#.≈##........##≈.#....#..
##..##.8..8.##..##..#####
#...##.#####...#########
##..≈..≈≈..≈..#####.....


You could see an ice beast.

Vanquished Creatures
  Eustachio (D:5)
  Sigmund (D:2)
  A scorpion (D:4)
  A crimson imp (D:5)
  3 hounds
  2 iguanas
  Natasha (thrice) (D:2)
  5 orc wizards
  4 adders
  4 gnolls
  A howler monkey skeleton (D:4)
  3 adder skeletons
  2 worms
  3 dart slugs (D:1)
  2 leopard geckos
  17 orcs
  A ball python (D:1)
  6 giant cockroaches
  5 goblins (D:1)
  9 hobgoblins
  14 jackals
  5 quokkas
  7 bats
  3 frilled lizards
  A jackal skeleton (D:4)
  5 kobolds
  2 leopard gecko skeletons (D:4)
  2 quokka skeletons (D:4)
  5 rats
118 creatures vanquished.

Notes
Turn   | Place    | Note
-------+----------+-------------------------------------------
     0 | D:1      | Manul the Octopode Assassin began the quest for the Orb.
     0 | D:1      | Reached XP level 1. HP: 14/14 MP: 1/1
    64 | D:1      | Reached XP level 2. HP: 19/19 MP: 2/2
   265 | D:1      | Reached skill level 6 in Stealth
   305 | D:1      | Reached XP level 3. HP: 21/24 MP: 3/3
   699 | D:2      | Noticed Sigmund
   721 | D:2      | Found a blossoming altar of Fedhas.
   775 | D:2      | Killed Sigmund
   775 | D:2      | Reached skill level 8 in Stealth
   775 | D:2      | Reached XP level 4. HP: 3/30 MP: 4/4
   775 | D:2      | Reached XP level 5. HP: 4/35 MP: 5/5
  1334 | D:2      | Noticed Natasha
  1341 | D:2      | Killed Natasha
  1425 | D:2      | Reached XP level 6. HP: 41/41 MP: 6/6
  1430 | D:2      | Noticed Natasha
  1447 | D:2      | Killed Natasha
  1459 | D:2      | Noticed Natasha
  1471 | D:2      | Killed Natasha
  2049 | D:2      | Learned a level 3 spell: Confuse
  2093 | D:3      | Found a stormy altar of Qazlal.
  2130 | D:3      | Reached skill level 9 in Stealth
  2735 | D:3      | Noticed Psiweapon's ghost (weakling KoHu)
  2817 | D:4      | Found Foenn's Book Shoppe.
  2825 | D:4      | Found Toraam's Distillery.
  3079 | D:4      | Found Queppoef's Antique Armour Emporium.
  3263 | D:4      | Bought a potion of mutation for 96 gold pieces
  3263 | D:4      | Gained mutation: You have supernaturally acute eyesight. (SInv) [potion of mutation]
  3263 | D:4      | Gained mutation: Your spells are a little harder to cast, but a little more powerful. [potion of mutation]
  3263 | D:4      | Gained mutation: You tend to lose your temper in combat. [potion of mutation]
  3263 | D:4      | Gained mutation: You are partially covered in iridescent scales. (AC +2) [potion of mutation]
  3624 | D:4      | Reached skill level 1 in Shields
  3770 | D:4      | Reached XP level 7. HP: 41/45 MP: 7/7
  5674 | D:5      | Entered Level 5 of the Dungeon
  5676 | D:5      | Noticed Eustachio
  5694 | D:5      | Killed Eustachio
  5694 | D:5      | Reached skill level 10 in Stealth
  5694 | D:5      | Reached XP level 8. HP: 35/52 MP: 8/8
  6083 | D:4      | Slain by an ice beast

Vault maps used:
D:1:      minmay_arrival_radiant_lines
D:2:      first_ration, fedhas_altar_4, uniq_sigmund, uniq_natasha
D:3:      lemuel_crystal_altar
D:4:      serial_shops, shop, shop, shop, nzn_random_ring
D:5:      minmay_temple_entry_trees, kennysheep_big_empty_room,
          dk_yredelemnul_ordeal, uniq_crazy_yiuf_cottage, uniq_eustachio

Skill      XL: |  1  2  3  4  5  6  7 |
---------------+----------------------+-----
Stealth        | 6 8 9 10 | 10.5
Short Blades   | 3 4 |  4.7
Shields        | 1 2 |  2.4
Dodging        | 2 |  2.8
Fighting       | 3 |  3.2
Throwing       | |  2.0

Action                   |  1- 3 |  4- 6 |  7- 9 || total
-------------------------+-------+-------+-------++-------
Melee: Dagger            |    42 |    95 |   163 ||   300
       Constrict         |     9 |    22 |    37 ||    68
       Tentacles         |     5 |    18 |    42 ||    65
       Spear             |     6 |       |       ||     6
 Fire: Blowgun           |     6 |    10 |       ||    16
Evoke: Wand              |       |       |     1 ||     1
  Use: Potion            |     1 |     1 |     1 ||     3
       Scroll            |     4 |     1 |     1 ||     6
 Stab: Sleeping          |    12 |    13 |     5 ||    30
       Distracted        |       |     2 |       ||     2
  Eat: Chunk             |       |     8 |     8 ||    16
Armor: Skin              |     1 |     3 |    23 ||    27
Dodge: Dodged            |    15 |    43 |    70 ||   128
Block: Buckler           |       |    12 |    36 ||    48

Table legend:
 A = Spawn XP
 B = Non-spawn XP
 C = Spawn XP percentage of total XP
 D = Spawn monster count
 E = Non-spawn monster count
 F = Spawn count percentage of total count
 G = Total turns spent on level
                    A         B        C        D         E        F      G
               +---------+---------+-------+---------+---------+-------+---------
         Total |       0 |    1370 |   0.0 |       0 |     118 |   0.0 |  6083
               +---------+---------+-------+---------+---------+-------+---------
           D:1 |       0 |      53 |   0.0 |       0 |      27 |   0.0 |   672
           D:2 |       0 |     357 |   0.0 |       0 |      19 |   0.0 |  1415
           D:3 |       0 |     135 |   0.0 |       0 |      18 |   0.0 |  2042
           D:4 |       0 |     456 |   0.0 |       0 |      45 |   0.0 |  1556
           D:5 |       0 |     369 |   0.0 |       0 |       9 |   0.0 |   398
               +---------+---------+-------+---------+---------+-------+---------
